 Dungeon Crawl Stone Soup version 0.17-a0-1037-gbf358b4 (webtiles) character file.

35 Vivisectus the Conjurer (level 3, -3/24 HPs)
             Began as a Mummy Conjurer on May 14, 2015.
             Slain by an ice beast (4 damage)
             ... on level 2 of the Dungeon.
             The game lasted 00:08:52 (6450 turns).

Vivisectus the Conjurer (Mummy Conjurer)            Turns: 6450, Time: 00:08:52

Health: -3/24      AC:  2    Str: 11    XL:     3   Next: 17%
Magic:  0/7        EV: 12    Int: 15    God:
Gold:   61         SH:  0    Dex: 12    Spells: 3 memorised, 1 level left

rFire  x . .     SeeInvis .     f - -2 short sword (curse)
rCold  + . .     Clarity  .     a - +0 robe
rNeg   + + +     SustAb   .     (no shield)
rPois  ∞         Gourm    .     (no helmet)
rElec  .         Spirit   .     (no cloak)
rCorr  .         Warding  .     (no gloves)
rMut   .         Stasis   .     (no boots)
MR     .....                    (no amulet)
Stlth  ++........               (no ring)
                                (no ring)

@: not resistant to hostile enchantments, unstealthy
A: no food or potions, fire vulnerability, cold resistance 1, negative energy
resistance 3, torment resistance, unbreathing
a: no special abilities


You were on level 2 of the Dungeon.
You were not hungry.

You visited 1 branch of the dungeon, and saw 2 of its levels.

You collected 61 gold pieces.

Inventory:

Hand weapons
 c - a +0 club
 d - a +0 mace
 f - a cursed -2 short sword (weapon)
 g - a +0 spear
 h - a +0 dagger
 j - a cursed -3 dagger
 k - a +0 short sword
Armour
 a - a +0 robe (worn)
Jewellery
 e - an uncursed ring of magical power {unknown}
Scrolls
 i - a scroll of identify
Books
 b - a book of Conjurations

   Spells                             Type                      Level
   a - Magic Dart                     Conjuration                  1
   b - Searing Ray                    Conjuration                  2
   c - Dazzling Spray                 Conjuration/Hexes            3
   d - Fulminant Prism                Conjuration/Hexes            4
   e - Iskenderun's Mystic Blast      Conjuration                  4
   f - Iskenderun's Battlesphere      Conjuration/Charms           5


   Skills:
 - Level 1.5 Dodging
 - Level 1.5 Stealth
 + Level 2.8 Spellcasting
 + Level 3.6 Conjurations
 + Level 0.1 Hexes


You had one spell level left.
You knew the following spells:

 Your Spells              Type           Power        Failure   Level  Hunger
a - Magic Dart            Conj           ##..         6%          1    N/A
b - Searing Ray           Conj           ##....       10%         2    N/A
c - Dazzling Spray        Conj/Hex       #.......     30%         3    N/A

Dungeon Overview and Level Annotations

Branches:
Dungeon (2/15)

Altars:


Innate Abilities, Weirdness & Mutations

You do not eat or drink.
Your flesh is vulnerable to fire.
You are immune to poison.
Your flesh is cold resistant.
You are immune to negative energy.
You are immune to unholy pain and torment.
You can survive without breathing.


Message History

Casting: Magic Dart
Confirm with . or Enter, or press ? or * to list all spells.
Aiming: Magic Dart
Press: ? - help, Shift-Dir - straight line, f/p - ice beast
Aim: an ice beast (almost dead)
The magic dart hits the ice beast.
The ice beast is almost dead.
The ice beast hits you. The ice beast freezes you. You resist.
* * * LOW HITPOINT WARNING * * *
Casting: Magic Dart
Confirm with . or Enter, or press ? or * to list all spells.
Aiming: Magic Dart
Press: ? - help, Shift-Dir - straight line, f/p - ice beast
Aim: an ice beast (almost dead)
The magic dart hits the ice beast.
The ice beast is almost dead.
The ice beast hits you.
* * * LOW HITPOINT WARNING * * *
The ice beast freezes you. You resist.
You die...

..##.#......# #
..#.#(..... #.
##.........#
##.##...........
#.....$.......
............## ##.
#..?...##.#..#.....
#<..Y@.....#
#..........#
#..........#
#..........#
#..........#
############


You could see an ice beast.

Vanquished Creatures
  5 bats (D:1)
  5 goblins (D:1)
  6 hobgoblins (D:1)
  3 jackals (D:1)
  6 kobolds (D:1)
  A giant gecko (D:1)
  3 giant newts (D:1)
  5 rats (D:1)
34 creatures vanquished.

Notes
Turn   | Place    | Note
--------------------------------------------------------------
     0 | D:1      | Vivisectus the Mummy Conjurer began the quest for the Orb.
     0 | D:1      | Reached XP level 1. HP: 13/13 MP: 3/3
  1323 | D:1      | Reached XP level 2. HP: 16/19 MP: 0/5
  1329 | D:1      | Learned a level 2 spell: Searing Ray
  4541 | D:1      | Reached XP level 3. HP: 24/24 MP: 5/7
  4565 | D:1      | Learned a level 3 spell: Dazzling Spray
  6404 | D:1      | Noticed an ice beast
  6450 | D:2      | HP: 1/24 [ice beast (4)]
  6450 | D:2      | Slain by an ice beast

Vault maps used:
D:1:      dpeg_arrival_simpleton_c

Action                   || total
-------------------------++-------
Melee: Unarmed           ||    31
       Short sword       ||    25
 Cast: Magic Dart        ||    71
       Searing Ray       ||     2
       Dazzling Spray    ||     1
  Use: Scroll            ||     4
